 Dungeon Crawl Stone Soup version 0.31-a0-431-g88bdf31460 (webtiles) character file.

Game seed: 2187367240035094493

234 CraigForest the Changeling (level 5, -1/18 HPs)
             Began as a Deep Elf Shapeshifter on Aug 1, 2023.
             Slain by a ball python (3 damage)
             ... in a sewer.
             The game lasted 00:08:29 (1677 turns).

CraigForest the Changeling (Deep Elf Shapeshifter)  Turns: 1677, Time: 00:08:30

Health: -1/18      AC:  9    Str: 19    XL:     5   Next: 75%
Magic:  7/7        EV: 11    Int: 13    God:
Gold:   102        SH:  0    Dex: 15    Spells: 4/4 levels left

rFire   . .          .
                       - Unarmed
rCold   . . .        (shield currently unavailable)
rNeg    . . .        e - melded +0 ring mail {rC+}
rPois   .            (helmet currently unavailable)
rElec   .            (cloak currently unavailable)
rCorr   +            (gloves currently unavailable)
SInv    .            (boots currently unavailable)
Will    .....        k - amulet of regeneration
Stlth   +            m - ring of resist corrosion
HPRegen 1.03/turn    r - +4 ring of slaying
MPRegen 0.10/turn

%: no passive effects
@: mighty, lethally poisoned (-1 -> -2), snake-form
A: constrict, reduced hp, large
a: Begin Untransformation


You were in a sewer.
You were an enormous anaconda.
You visited 1 branch of the dungeon, and saw 3 of its levels.
You also visited: Sewer.

You collected 102 gold pieces.

Inventory:

Armour
 a - a +0 animal skin
 e - a +0 ring mail of cold resistance (melded)
Magical Staves
 p - a staff of earth
Jewellery
 k - an amulet of regeneration (around neck)
 m - a ring of resist corrosion (left hand)
 r - a +4 ring of slaying (right hand)
Talismans
 c - a beast talisman
 s - a serpent talisman (active)
Wands
 t - a wand of flame (8)
Scrolls
 f - a scroll of revelation {unknown}
 i - 2 scrolls of enchant armour {unknown}
 j - a scroll of fog {unknown}
 o - a scroll of amnesia {unknown}
 u - a scroll of vulnerability {unknown}
 v - a scroll of blinking {unknown}
 w - a scroll of identify {unknown}
 y - a scroll of fear {unknown}
Potions
 b - 2 potions of lignification
 d - 2 potions of might
 g - 3 potions of attraction {unknown}
 h - a potion of heal wounds {unknown}
 l - 2 potions of brilliance {unknown}
 n - 2 potions of curing {unknown}
 q - a potion of berserk rage {unknown}
 x - a potion of haste {unknown}
 z - 2 potions of cancellation {unknown}


   Skills:
 - Level 0.7 Fighting
 - Level 1.0 Armour
 + Level 3.3 Dodging
 + Level 4.1 Unarmed Combat
 + Level 4.5 Shapeshifting


You had 4 spell levels left.
You didn't know any spells.
Your spell library contained the following spells:

 Spells                   Type           Power      Damage    Failure   Level
 Ignite Poison            Fire/Tmut/Pois 0%         N/A       67%         3
 Stone Arrow              Conj/Erth      0%         3d7       67%         3
 Animate Armour           Summ/Erth      0%         N/A       97%         4
 Sticky Flame             Conj/Fire      0%         2d3       97%         4
 Ignition                 Fire           0%         3d3       100%        8
 Lehudib's Crystal Spear  Conj/Erth      0%         10d2      100%        8


Dungeon Overview and Level Annotations

Branches:
Dungeon (3/15)              Sewer (1/1)

Altars:
Fedhas
Xom


Message History

You are no longer poisoned.
The bullfrog hits you but does no damage.
The bullfrog attacks as you move away!
The bullfrog hits you but does no damage.
The bullfrog attacks as you move away! The bullfrog completely misses you.
The bullfrog hits you but does no damage.
The adder misses you. The bullfrog barely misses you.
The bullfrog hits you but does no damage.
The adder bites you but does no damage. The adder attacks as you move away!
The adder bites you but does no damage. The bullfrog misses you.
The bullfrog barely misses you.
You closely miss the adder. Your grab misses the adder.
The adder bites you but does no damage. The bullfrog hits you. x2
The ball python bites you but does no damage.
You miss the adder. Your grab misses the adder.
The bullfrog closely misses you.
The bullfrog hits you but does no damage.
The adder bites you.
The ball python bites you but does no damage.
The ball python closely misses you.
The bullfrog hits you but does no damage.
The bullfrog closely misses you.
You closely miss the adder. You grab the adder.
You constrict the adder, but do no damage.
The bullfrog hits you.
* * * LOW HITPOINT WARNING * * *
The adder barely misses you. The bullfrog hits you.
* * * LOW HITPOINT WARNING * * *
The ball python bites you but does no damage. x2
It was a potion of might.
You feel very mighty all of a sudden.
You constrict the adder. The bullfrog closely misses you.
The bullfrog hits you but does no damage.
The adder bites you.
* * * LOW HITPOINT WARNING * * *
You are poisoned.
The adder poisons you!
The ball python bites you but does no damage.
The ball python bites you.
You die...

####.........####
##....†..........##
#......†..#.......#
##......##'##......##
#......##..###....†.#
#.~.~~.##..# #.~.~~##
#~~~~≈≈##### #~≈≈~≈~#
#~≈l~≈≈# #≈~≈~≈≈#
#≈≈SSS≈# #≈~~≈≈≈#
#≈≈SFF≈# #~≈~≈≈≈#
#≈~~l~≈# #~~~≈≈≈#
#~≈~≈≈≈# ##...~##
#≈~#~≈≈# #≈~[(~.#
#≈.~≈≈≈# #≈~.~.≈#
#~.~≈≈≈# #≈≈≈~~~#
#≈~≈≈≈≈# #≈≈~≈≈~#
#~≈~≈~≈# #≈≈≈~~≈#


You could see 2 bullfrogs, an adder, 2 ball pythons and 2 frilled lizards.

Vanquished Creatures
  Ijyb (D:3)
  10 adders
  3 river rats
  4 worms
  A dart slug (D:1)
  12 ball pythons
  An endoplasm (D:2)
  3 giant cockroaches
  4 goblins
  3 hobgoblins
  3 jackals (D:3)
  A quokka (D:2)
  4 bats
  4 frilled lizards
  8 kobolds
  37 rats
99 creatures vanquished.

Notes
Turn   | Place    | Note
-------+----------+-------------------------------------------
     0 | D:1      | CraigForest the Deep Elf Shapeshifter began the quest for
                  | the Orb.
     0 | D:1      | Reached XP level 1. HP: 11/11 MP: 3/3
   142 | D:1      | Reached XP level 2. HP: 14/16 MP: 4/4
   761 | D:2      | Reached XP level 3. HP: 19/20 MP: 5/5
  1230 | D:3      | Reached XP level 4. HP: 16/24 MP: 6/6
  1297 | D:3      | Noticed Ijyb
  1311 | D:3      | Killed Ijyb
  1357 | D:3      | Found a blossoming altar of Fedhas.
  1400 | D:3      | Reached XP level 5. HP: 17/28 MP: 7/7
  1416 | D:3      | Found a shimmering altar of Xom.
  1465 | D:3      | Found a glowing drain.
  1482 | Sewer    | Entered a sewer
  1550 | Sewer    | Reached skill level 1 in Armour
  1677 | Sewer    | Slain by a ball python

Illustrated notes

Levels and vault maps discovered:
D:1:      minmay_arrival_radiant_lines, layout_loops_cross,
          serial_park_tiny_pond, minmay_tromino_v2
D:2:      layout_rooms, hangedman_decor_opposing
D:3:      layout_basic, lemuel_tele_altar, xom_teletrap_fun, serial_glass,
          glass_columns_c, glass_columns_a, minmay_strange_pillars,
          cheibrodos_sewer_entry_sluice, uniq_ijyb, uniq_robin
Sewer:    sewer_minmay_w

Skill      XL: |  1  2  3  4  5 |
---------------+----------------+-----
Unarmed Combat | 3 4 |  4.1
Shapeshifting  | 4 |  4.5
Dodging        | 3 |  3.3
Armour         | 1 |  1.0
Fighting       | |  0.7

Action                     |  1- 3 |  4- 6 || total
---------------------------+-------+-------++-------
  Melee: Unarmed           |   102 |    98 ||   200
         Punch             |     1 |     1 ||     2
         Constrict         |       |    11 ||    11
    Use: Potion            |       |     1 ||     1
   Stab: Sleeping          |     1 |     1 ||     2
 Armour: Animal skin       |     7 |       ||     7
         Ring mail         |     9 |     1 ||    10
         Skin              |       |    60 ||    60
  Dodge: Dodged            |    49 |    83 ||   132
   Form: Anaconda          |       |     1 ||     1

Table legend: (Time is in decaauts)
 A = Elapsed time spent in this place.
 B = Non-inter-level travel time spent in this place.
 C = Inter-level travel time spent in this place.
 D = Time resting spent in this place.
 E = Time spent auto-exploring this place.
 F = Levels seen in this place.
 G = Mean time per level.
                   A        B        C        D        E       F      G
               +--------+--------+--------+--------+--------+-----+--------+
         Total |   1663 |   1642 |     21 |      0 |    968 |   4 |  415.8 |
       Dungeon |   1472 |   1451 |     21 |      0 |    954 |   3 |  490.7 |
         Sewer |    190 |    190 |      0 |      0 |     14 |   1 |  190.0 |
               +--------+--------+--------+--------+--------+-----+--------+

Top non-repeatable levels by time:
     D:1: 683 daAuts
     D:2: 520 daAuts
     D:3: 269 daAuts
   Sewer: 190 daAuts
